 Dungeon Crawl Stone Soup version 0.16-a0-326-g6f2d4d4 (webtiles) character file.

72 PolkaDot the Caller (level 4, 0/30 HPs)
             Began as a Vampire Summoner on Sept 4, 2014.
             Slain by Afay's ghost (9 damage)
             ... on Level 3 of the Dungeon.
             The game lasted 00:04:22 (1562 turns).

PolkaDot the Caller (Vampire Summoner)              Turns: 1562, Time: 00:04:23

HP   0/30        AC  2     Str  7      XL: 4   Next:  7%
MP   1/7         EV 12     Int 18      God:
Gold 141         SH  0     Dex 14      Spells:  3 memorised,  1 level left

rFire  + . .     SeeInvis +     f - +2 short sword (flame)
rCold  x . .     Clarity  .     a - +0 robe
rNeg   . . .     rCorr    .     (no shield)
rPois  .         rRot     .     (no helmet)
rElec  .         Spirit   .     (no cloak)
SustAb .         Warding  .     (no gloves)
rMut   .         Stasis   .     (no boots)
Gourm  .                        (no amulet)
MR     .....                    (no ring)
                                l - ring of fire

@: flying, very slightly contaminated, regenerating quickly, not resistant to
hostile enchantments, unstealthy
A: fangs 3, see invisible, unbreathing
a: no special abilities


You were on level 3 of the Dungeon.
You were very full.

You visited 1 branch of the dungeon, and saw 3 of its levels.

You collected 141 gold pieces.

Inventory:

Hand weapons
 f - a +2 short sword of flaming (weapon)
 q - a +0 antimagic short sword
Armour
 a - a +0 robe (worn)
Scrolls
 d - a scroll of amnesia {unknown}
 g - a scroll of identify {unknown}
 j - a scroll of magic mapping {unknown}
 k - 3 scrolls of teleportation {unknown}
 m - a scroll of recharging {unknown}
 o - 2 scrolls of remove curse {unknown}
Jewellery
 h - an uncursed amulet of resist corrosion {unknown}
 i - an uncursed ring of positive energy {unknown}
 l - a ring of fire (left hand)
 p - a cursed -3 ring of slaying {unknown}
Potions
 c - a potion of blood {@*1}
 e - 2 potions of might {unknown}
Books
 b - a book of Callings

   Spells                             Type                      Level
   *Summon Small Mammal               Summoning                    1
   *Call Imp                          Summoning                    2
   *Call Canine Familiar              Summoning                    3
   Summon Guardian Golem              Hexes/Summoning              4
   Summon Lightning Spire             Summoning/Air                4
   Summon Ice Beast                   Ice/Summoning                4


   Skills:
 - Level 2.1 Dodging
 - Level 3.0 Stealth
 - Level 2.0 Spellcasting
 * Level 5.6 Summonings


You had one spell level left.
You knew the following spells:

 Your Spells              Type           Power        Failure   Level  Hunger
a - Summon Small Mammal   Summ           ###.         1%          1    #......
d - Call Canine Familiar  Summ           ###.....     6%          3    ####...
s - Call Imp              Summ           ###.....     2%          2    ##.....


Dungeon Overview and Level Annotations

Branches:
Dungeon (3/15)

Altars:

Annotations:
D:3 Afay's ghost, average GrFi


Innate Abilities, Weirdness & Mutations

Your natural rate of healing is unusually fast.
You have razor-sharp teeth.
You have supernaturally acute eyesight.
You can survive without breathing.


Message History

Your hound closely misses Afay's ghost.
Afay's ghost hits you!
* * * LOW HITPOINT WARNING * * *
Your hound bites Afay's ghost but does no damage.
You hit Afay's ghost but do no damage.
Afay's ghost is heavily damaged.
Your hound bites Afay's ghost but does no damage.
Afay's ghost hits you.
* * * LOW HITPOINT WARNING * * *
Your hound bites Afay's ghost.
You hit Afay's ghost but do no damage.
Afay's ghost is heavily damaged.
Afay's ghost closely misses you.
Your hound bites Afay's ghost but does no damage.
Casting: Call Canine Familiar
Confirm with . or Enter, or press ? or * to list all spells.
A beastly little devil appears in a puff of frigid air.
* * * LOW MAGIC WARNING * * *
Your hound bites Afay's ghost but does no damage.
Afay's ghost hits you!
You die...

....................
######................#..!
.##.............>......(..
...>.......................
.....#....)............#...
....)#....................#
....<...<.................#
.....#.........)hW......#.#
.....#..........@......##
...............#..5....##....
....##.........##............
##########......#.#.#..##....
#......#.#.#.....
##..#..#.#.........
##..#.#?###....... ##...#.#
...... ###.#.# #....


You could see Afay's ghost, a friendly hound and a friendly white imp.

Vanquished Creatures
  2 adders (D:2)
  2 worms (D:2)
  A giant gecko (D:2)
  An ooze (D:2)
  7 bats
  A giant cockroach (D:1)
  5 goblins
  6 hobgoblins
  2 giant newts
  7 kobolds
  5 rats
39 creatures vanquished.

Vanquished Creatures (collateral kills)
  An adder (D:2)
1 creature vanquished.

Grand Total: 40 creatures vanquished

Notes
Turn   | Place    | Note
--------------------------------------------------------------
     0 | D:1      | PolkaDot, the Vampire Summoner, began the quest for the Orb.
     0 | D:1      | Reached XP level 1. HP: 13/13 MP: 3/3
   257 | D:1      | Reached XP level 2. HP: 17/19 MP: 4/4
   264 | D:1      | Learned a level 2 spell: Call Imp
   824 | D:2      | Reached skill level 5 in Summonings
   824 | D:2      | Reached XP level 3. HP: 24/24 MP: 1/6
   877 | D:2      | Learned a level 3 spell: Call Canine Familiar
  1422 | D:3      | Reached XP level 4. HP: 30/30 MP: 7/7
  1520 | D:3      | Noticed Afay's ghost (average GrFi)
  1562 | D:3      | Slain by Afay's ghost

Action                   |  1- 3 |  4- 6 || total
-------------------------+-------+-------++-------
Melee: Short sword       |    74 |    15 ||    89
       Unarmed           |     5 |       ||     5
 Cast: Summon Small Mamm |     4 |       ||     4
       Call Imp          |     7 |     1 ||     8
       Call Canine Famil |       |     1 ||     1
  Use: Potion            |       |     1 ||     1
 Stab: Sleeping          |     7 |       ||     7
       Distracted        |     1 |       ||     1
  Eat: Corpse            |    12 |     3 ||    15
